 Dungeon Crawl Stone Soup version 0.31.0-11-ge490571c62 (webtiles) character file.

Game seed: 6024369412461777781

34 qw the Shooter (level 3, -8/18 HPs)
             Began as a Spriggan Hunter on Feb 4, 2024.
             Mangled by a gnoll
             ... wielding a +0 halberd
              (14 damage)
             ... on level 2 of the Dungeon.
             The game lasted 00:00:15 (864 turns).

qw the Shooter (Spriggan Hunter)                     Turns: 864, Time: 00:00:16

Health: -8/18      AC:  2    Str:  7    XL:     3   Next: 14%
Magic:  4/4        EV: 19    Int: 10    God:
Gold:   64         SH:  0    Dex: 20    Spells: 2/2 levels left

rFire   . . .        a - +0 shortbow
rCold   . . .        (shield currently unavailable)
rNeg    . . .        c - +0 robe
rPois   .            (helmet restricted)
rElec   .            (no cloak)
rCorr   .            (gloves unavailable)
SInv    +            (boots unavailable)
Will    .....        (no amulet)
Stlth   ++           (no ring)
HPRegen 0.23/turn    (no ring)
MPRegen 0.09/turn

%: no passive effects
@: very quick
A: very small, no large weapons, unfitting armour, see invisible, speed 3
a: no special abilities


You were on level 2 of the Dungeon.
You visited 1 branch of the dungeon, and saw 2 of its levels.

You collected 64 gold pieces.


Innate Abilities, Weirdness & Mutations

You are very small and have problems with some larger weapons.
You are too small for most types of armour.
You have supernaturally acute eyesight. (SInv)
You cover ground extremely quickly. (Speed+++)


   Skills:
 - Level 1.5 Fighting
 + Level 4.5 Ranged Weapons
 - Level 4.0 Dodging
 - Level 1.5 Stealth


You had 2 spell levels left.
You didn't know any spells.
Your spell library was empty.

Inventory:

Hand Weapons
 a - a +0 shortbow (weapon)
Armour
 c - a +0 robe (worn)
Jewellery
 j - a ring of protection from cold
Scrolls
 b - a scroll of identify {unknown}
 d - a scroll of teleportation
 e - a scroll of blinking {unknown}
 i - a scroll of fear {unknown}
Potions
 f - a potion of curing
 g - a potion of brilliance {unknown}
 h - a potion of attraction {unknown}

Dungeon Overview and Level Annotations

Branches:
Dungeon (2/15)

Altars:


Message History

You kill the rat!
A gnoll and a bat come into view.
The gnoll shouts!
The gnoll moves out of view.
A gnoll comes into view.
It is wielding a +0 flail and quivering 2 throwing nets.
You shoot an arrow. The arrow barely misses the bat.
The gnoll shouts!
You shoot an arrow.
The arrow hits the bat but does no damage.
The bat misses you. The bat hits you.
You shoot an arrow. The arrow closely misses the bat.
The arrow hits the plant.
The plant begins to die.
The plant is lightly damaged.
The bat misses you. x2
You shoot an arrow. The arrow misses the bat.
The arrow hits the plant.
The plant is lightly damaged.
The bat closely misses you.
The gnoll hits the plant with a +0 flail!
The plant begins to die.
A gnoll comes into view. It is wielding a +0 halberd.
Enter note:
Enter note:
858 ||| RETREEEEATING.
The bat barely misses you.
You shoot an arrow. The arrow closely misses the bat.
The bat misses you.
You shoot an arrow. The gnoll shouts!
The arrow hits the gnoll.
The gnoll is moderately wounded.
You shoot an arrow. The arrow closely misses the gnoll.
The gnoll completely misses you.
You shoot an arrow. The arrow hits the gnoll.
The gnoll is heavily wounded.
A nearby plant withers and dies.
The gnoll completely misses you.
The gnoll hits you from afar with a +0 halberd!
The gnoll hits you with a +0 flail.
The gnoll hits you from afar with a +0 halberd!
Ouch! That really hurt!
You die...

#####.# ......#
#.P.P...P.#
########
#.P..P..P.#
.......#
##.P.P..P..##
..####.# #
..PP...PP...
..####.##
#.#...P.P...#
......... ....
.g... ..####.##
#.##g.#
..####.#######.g@.#
...............####
...............#
........>......#
...............#
...............#
...............#
...............#
...............#


You could see 3 gnolls.

Vanquished Creatures
  2 giant cockroaches (D:1)
  5 goblins (D:1)
  6 hobgoblins (D:1)
  4 jackals (D:1)
  3 ball pythons (D:1)
  2 bats (D:1)
  A frilled lizard (D:1)
  3 kobolds (D:1)
  4 rats
30 creatures vanquished.

Notes
Turn   | Place    | Note
-------+----------+-------------------------------------------
     0 | D:1      | qw the Spriggan Hunter began the quest for the Orb.
     0 | D:1      | Reached XP level 1. HP: 10/10 MP: 2/2
     0 | D:1      | 0 ||| qw: Version: 0.3-a-160-g6735b56
     0 | D:1      | 0 ||| qw: Game counter: 5732
     0 | D:1      | 0 ||| qw: Melee chars always use a shield: true
     0 | D:1      | 0 ||| qw: God list: Okawaru
     0 | D:1      | 0 ||| qw: Allow faded altars: false
     0 | D:1      | 0 ||| qw: Do Orc after clearing Dungeon:15 true
     0 | D:1      | 0 ||| qw: Do second Lair branch before Depths: true
     0 | D:1      | 0 ||| qw: Lair rune preference: random
     0 | D:1      | 0 ||| qw: Goals: Normal
     0 | D:1      | 0 ||| PLANNING D:1-11
    30 | D:1      | Reached skill level 3 in Dodging
   125 | D:1      | Reached XP level 2. HP: 14/14 MP: 3/3
   320 | D:1      | Reached XP level 3. HP: 17/18 MP: 4/4
   481 | D:1      | Found a faded altar of an unknown god.
   686 | D:1      | 686 ||| READING scroll labelled QAURAT VERCHIO.
   690 | D:1      | 690 ||| READING scroll labelled QYUXTO LITUSKY.
   691 | D:1      | 691 ||| READING scroll labelled SITASUASCHY.
   692 | D:1      | 692 ||| DRINKING 2 fizzy pink potions.
   693 | D:1      | 693 ||| DROPPING scroll of butterflies.
   858 | D:2      | 858 ||| RETREEEEATING.
   864 | D:2      | Mangled by a gnoll

Levels and vault maps discovered:
D:1:      saegor_arrival_simple_e, layout_loops_ring,
          hellmonk_ecumenical_altar_heavens_door, chequers_garden
D:2:      layout_basic, minmay_misc_feat_tower, minmay_misc_feat_roman,
          minivault_11, chequers_serial_rivers_room_b, st_stairs_1,
          nicolae_grassy_gnolls, uniq_natasha

Skill      XL: |  1  2 |
---------------+-------+-----
Dodging        | 3 4 |  4.0
Fighting       | |  1.5
Ranged Weapons | |  4.5
Stealth        | |  1.5

Action                     || total
---------------------------++-------
   Fire: Shortbow          ||    79
    Use: Scroll            ||     3
         Potion            ||     1
 Armour: Robe              ||     9
  Dodge: Dodged            ||    31

Table legend:
 A = Non-vault XP
 B = Vault XP
 C = Vault XP percentage of total XP
 D = Non-vault monster count
 E = Vault monster count
 F = Vault count percentage of total count
                 A         B        C        D         E       F
            +---------+---------+-------+---------+---------+-------
      Total |      49 |       0 |   0.0 |      30 |       0 |   0.0
            +---------+---------+-------+---------+---------+-------
        D:1 |      48 |       0 |   0.0 |      29 |       0 |   0.0
        D:2 |       1 |       0 |   0.0 |       1 |       0 |   0.0
            +---------+---------+-------+---------+---------+-------
